 Dungeon Crawl Stone Soup version 0.31-a0-182-gc5ef74bbde (webtiles) character file.

Game seed: 9563645496780281400

438 qw the Chopper (level 7, -2/44 HPs)
             Began as a Gargoyle Fighter on June 20, 2023.
             Killed from afar by an orc wizard (6 damage)
             ... with a magic dart
             ... on level 5 of the Dungeon.
             The game lasted 00:01:52 (3531 turns).

qw the Chopper (Gargoyle Fighter)                   Turns: 3531, Time: 00:01:52

Health: -2/44      AC: 12    Str: 28    XL:     7   Next: 1%
Magic:  7/7        EV: 10    Int:  8    God:
Gold:   162        SH:  0    Dex:  9    Spells: 6/6 levels left

rFire   . . .        Y - +0 war axe
rCold   . . .        c - +0 buckler
rNeg    + . .        b - +0 scale mail
rPois   inf          (no helmet)
rElec   +            (no cloak)
rCorr   .            m - +0 pair of gloves
SInv    .            (no boots)
Will    .....        (no amulet) Stlth
                     f - +6 ring of strength
HPRegen 0.27/turn    (no ring)
MPRegen 0.10/turn

%: no passive effects
@: confused
A: sickness immunity, AC +4, negative energy resistance 1, electricity
resistance, torment resistance 1, petrification resistance
a: no special abilities


You were on level 5 of the Dungeon.
You visited 2 branches of the dungeon, and saw 6 of its levels.

You collected 162 gold pieces.


Innate Abilities, Weirdness & Mutations

You are immune to sickness and miasma.
Your stone body is resilient. (AC +4)
You are immune to poison.
You resist negative energy. (rN+)
You are resistant to electric shocks. (rElec)
You are resistant to unholy torment.
You are immune to petrification.


   Skills:
 - Level 4.5 Fighting
 + Level 5.9 Axes
 - Level 3.2 Armour
 - Level 1.0 Dodging
 - Level 3.2 Shields


You had 6 spell levels left.
You didn't know any spells.
Your spell library was empty.

Inventory:

Hand Weapons
 a - a +0 flail
 Y - a +0 war axe (weapon)
Armour
 b - a +0 scale mail (worn)
 c - a +0 buckler (worn)
 m - a +0 pair of gloves (worn)
Jewellery
 f - a +6 ring of strength (left hand)
Scrolls
 g - a scroll of teleportation
Potions
 d - 2 potions of might
 e - a potion of magic {unknown}
 h - a potion of brilliance {unknown}
 i - a potion of heal wounds {unknown}
 l - a potion of enlightenment {unknown}

Dungeon Overview and Level Annotations

Branches:
Dungeon (5/15)             Temple (1/1) D:4

Altars:
Ashenzari
Dithmenos
Elyvilon
Fedhas
Gozag
Kikubaaqudgha
Makhleb
Nemelex Xobeh
Ru
Trog
Uskayaw
Vehumet
Xom
Yredelemnul
Zin

Annotations:
D:2 1 runed translucent door, Crazy Yiuf


Message History

You feel less confused. You block the orc's attack. The orc barely misses you.
The orc wizard barely misses you. Something hits you but does no damage.
You barely miss the orc wizard.
The orc wizard is lightly wounded.
You hit something but do no damage. You closely miss the orc. You hit the orc.
You kill the orc!
An orc wizard appears from thin air!
Reactivating autopickup.
The orc closely misses you. You block the orc wizard's attack.
The orc wizard gestures wildly while chanting.
The orc wizard flickers and vanishes!
Deactivating autopickup; reactivate with Ctrl-A.
You slash the orc wizard!
The orc wizard is severely wounded.
You closely miss something. You hit the orc. The orc closely misses you.
The orc wizard casts a spell.
The orc wizard flickers and vanishes!
You slash the orc!
You kill the orc!
You closely miss something. You barely miss something.
You block something's attack.
You hear some strange, mumbled words.
You are confused.
Something hits you but does no damage. x2; The orc closely misses you.
You hear some strange, mumbled words.
A puff of flame appears from out of thin air!
The puff of flame hits you. Something hits you but does no damage.
The orc closely misses you.
You hear some strange, mumbled words.
A puff of flame appears from out of thin air!
The puff of flame hits you! Something hits you but does no damage.
The orc hits you but does no damage. Something hits you.
The orc hits you with a +0 club. Something hits you. The orc barely misses you.
Something hits you.
You hear some strange, mumbled words.
A magic dart appears from out of thin air!
The magic dart hits you.
You die...

#.## ##.. ..#
#.. #.# #)# #
. #.###)#
.##..
#....)##.....
#.###.#...#
#.# #...# #.#
#o).#.### #.#
#@{.....# #.#
#{###.... #.#
#.# ..## ..
#.# #.# ..# .
#.# #.# .# .
#.# #.# #/#
#.#
####.###.#
###
#........#
#.)


You could see an orc.

Vanquished Creatures
  2 scorpions (D:4)
  A hound (D:4)
  Natasha (thrice) (D:2)
  2 orc wizards (D:5)
  6 adders
  A white imp (D:5)
  2 ufetubi (D:4)
  4 worms
  3 dart slugs
  5 orcs
  7 ball pythons
  6 bats
  11 endoplasms
  3 giant cockroaches (D:1)
  4 goblins
  13 hobgoblins
  8 jackals (D:1)
  4 quokkas
  3 frilled lizards
  5 kobolds
  2 rats
95 creatures vanquished.

Notes
Turn   | Place    | Note
-------+----------+-------------------------------------------
     0 | D:1      | qw the Gargoyle Fighter began the quest for the Orb.
     0 | D:1      | Reached XP level 1. HP: 14/14 MP: 1/1
     0 | D:1      | 0 ||| qw: Version: 0.3-a-9-g12657ce
     0 | D:1      | 0 ||| qw: Game counter: 1275
     0 | D:1      | 0 ||| qw: Always use a shield: true
     0 | D:1      | 0 ||| qw: God list: Okawaru
     0 | D:1      | 0 ||| qw: Allow faded altars: false
     0 | D:1      | 0 ||| qw: Do Orc after D:15 true
     0 | D:1      | 0 ||| qw: Do second Lair branch before Depths: true
     0 | D:1      | 0 ||| qw: Lair rune preference: random
     0 | D:1      | 0 ||| qw: Plans: Normal, Zot:1-4, Slime:5, God:TSO, Crypt,
                  | Tomb, Abyss, Pan, Hells, Win
     0 | D:1      | 0 ||| PLANNING D:1-11
    63 | D:1      | Reached skill level 2 in Axes
    70 | D:1      | Reached XP level 2. HP: 19/19 MP: 2/2
   129 | D:1      | 129 ||| Stepping ~*~*~tactically~*~*~ (stealth).
   136 | D:1      | Reached skill level 3 in Axes
   137 | D:1      | 137 ||| FLEEEEING.
   139 | D:1      | 139 ||| FLEEEEING.
   140 | D:1      | 140 ||| FLEEEEING.
   141 | D:1      | 141 ||| FLEEEEING.
   142 | D:1      | 142 ||| FLEEEEING.
   143 | D:1      | 143 ||| FLEEEEING.
   145 | D:1      | 145 ||| FLEEEEING.
   146 | D:1      | 146 ||| FLEEEEING.
   147 | D:1      | 147 ||| FLEEEEING.
   148 | D:1      | 148 ||| FLEEEEING.
   153 | D:1      | Reached XP level 3. HP: 17/23 MP: 3/3
   351 | D:1      | 351 ||| Stepping ~*~*~tactically~*~*~ (stealth).
   353 | D:1      | 353 ||| Stepping ~*~*~tactically~*~*~ (stealth).
   439 | D:1      | 439 ||| Stepping ~*~*~tactically~*~*~ (hiding).
   735 | D:1      | 735 ||| UPGRADING to +6 ring of strength.
   736 | D:1      | 736 ||| READING scroll labelled TAUDURCH GIULUL.
   757 | D:2      | Noticed Natasha
   763 | D:2      | Killed Natasha
   764 | D:2      | Reached skill level 4 in Axes
   764 | D:2      | Reached XP level 4. HP: 25/28 MP: 4/4
   955 | D:2      | Noticed Natasha
   968 | D:2      | Killed Natasha
   969 | D:2      | Reached XP level 5. HP: 11/32 MP: 5/5
  1063 | D:2      | Found a runed translucent door.
  1064 | D:2      | Noticed Crazy Yiuf
  1183 | D:2      | Noticed Natasha
  1191 | D:2      | Killed Natasha
  1388 | D:2      | Reached skill level 5 in Axes
  1943 | D:2      | 1943 ||| READING scroll labelled VAETOC FOYPT.
  1944 | D:2      | 1944 ||| READING 2 scrolls labelled YZOEMU WAEFFUG.
  1945 | D:2      | 1945 ||| DROPPING scroll of immolation.
  2017 | D:3      | Reached skill level 1 in Dodging
  2322 | D:3      | 2322 ||| Stepping ~*~*~tactically~*~*~ (stealth).
  2466 | D:3      | 2466 ||| DROPPING +6 ring of intelligence.
  2467 | D:3      | 2467 ||| READING 3 scrolls labelled UQOOPOEKO.
  2468 | D:3      | 2468 ||| READING scroll labelled INETAOCR WOPPE.
  2469 | D:3      | 2469 ||| DROPPING 2 scrolls of revelation.
  2514 | D:4      | Found a staircase to the Ecumenical Temple.
  2515 | D:4      | 2515 ||| PLANNING TEMPLE
  2562 | Temple   | Entered the Ecumenical Temple
  2575 | Temple   | 2575 ||| PLANNING D:1-11
  2657 | D:4      | 2657 ||| Stepping ~*~*~tactically~*~*~ (stealth).
  2675 | D:4      | Reached XP level 6. HP: 27/39 MP: 6/6
  2749 | D:4      | 2749 ||| DROPPING +0 club.
  3377 | D:4      | 3377 ||| UPGRADING to +0 pair of gloves.
  3382 | D:4      | 3382 ||| READING scroll labelled ZURAM QEFIEZOR.
  3383 | D:4      | 3383 ||| READING scroll labelled GIUNUFF KAEFEU.
  3406 | D:5      | Entered Level 5 of the Dungeon
  3471 | D:5      | 3471 ||| Stepping ~*~*~tactically~*~*~ (hiding).
  3500 | D:5      | Reached XP level 7. HP: 44/44 MP: 7/7
  3507 | D:5      | 3507 ||| FLEEEEING.
  3508 | D:5      | 3508 ||| FLEEEEING.
  3509 | D:5      | 3509 ||| FLEEEEING.
  3510 | D:5      | 3510 ||| FLEEEEING.
  3511 | D:5      | 3511 ||| FLEEEEING.
  3529 | D:5      | HP: 9/44 [something/puff of flame (8)]
  3531 | D:5      | HP: 4/44 [something (2)]
  3531 | D:5      | Killed from afar by an orc wizard

Levels and vault maps discovered:
D:1:      pf_arrival_petrified_forest, layout_loops_cross,
          chequers_serial_rivers_micro_a
D:2:      layout_basic, chequers_serial_rivers_micro_d, uniq_crazy_yiuf_cottage,
          uniq_natasha
D:3:      layout_basic
D:4:      layout_loops_corners, temple_green, grunt_decor_mini_mirrors
D:5:      layout_rooms, kennysheep_little_box, chequers_serial_rivers_small_3,
          chequers_serial_rivers_micro_d, kennysheep_generic_room_15,
          uniq_sigmund
Temple:   hellmonk_temple_two_chambers

Skill      XL: |  1  2  3  4  5 |
---------------+----------------+-----
Axes           | 2 3 4 5 |  5.9
Dodging        | 1 |  1.0
Fighting       | 4 |  4.5
Armour         | |  3.2
Shields        | |  3.2

Action                     |  1- 3 |  4- 6 |  7- 9 || total
---------------------------+-------+-------+-------++-------
  Melee: War axe           |   104 |   197 |    11 ||   312
    Use: Scroll            |     1 |     6 |       ||     7
 Armour: Scale mail        |    67 |   106 |    29 ||   202
  Dodge: Dodged            |    51 |    92 |    19 ||   162
  Block: Buckler           |    23 |    38 |     6 ||    67

Table legend:
 A = Non-vault XP
 B = Vault XP
 C = Vault XP percentage of total XP
 D = Non-vault monster count
 E = Vault monster count
 F = Vault count percentage of total count
                 A         B        C        D         E       F
            +---------+---------+-------+---------+---------+-------
      Total |     594 |      33 |   5.3 |      94 |       1 |   1.1
            +---------+---------+-------+---------+---------+-------
        D:1 |      69 |       0 |   0.0 |      35 |       0 |   0.0
        D:2 |     158 |      33 |  17.3 |      25 |       1 |   3.8
        D:3 |      32 |       0 |   0.0 |      11 |       0 |   0.0
        D:4 |     246 |       0 |   0.0 |      14 |       0 |   0.0
        D:5 |      89 |       0 |   0.0 |       9 |       0 |   0.0
            +---------+---------+-------+---------+---------+-------
